 Dungeon Crawl Stone Soup version 0.25-a0-346-g140ab78 (webtiles) character file.

Game seed: 9615476941909992734, levelgen mode: deterministic

162 Blackhawk the Skirmisher (level 5, 0/50 HPs)
             Began as a Naga Fighter on Dec 31, 2019.
             Slain by a wight
             ... wielding a cursed +0 scimitar
              (3 damage)
             ... on level 2 of the Dungeon.
             The game lasted 00:08:21 (2590 turns).

Blackhawk the Skirmisher (Naga Fighter)             Turns: 2590, Time: 00:08:21

Health: 0/50       AC:  5    Str: 19    XL:     5   Next: 43%
Magic:  5/5        EV:  6    Int:  8    God:
Gold:   174        SH:  8    Dex: 11    Spells: 4/4 levels left

rFire    + . .     SeeInvis +   a - +0 war axe
rCold    . . .     Gourm    .   c - +0 shield
rNeg     . . .     Faith    .   l - +0 ring mail (curse)
rPois    +         Spirit   .   m - +0 helmet
rElec    .         Reflect  .   (no cloak)
rCorr    .         Harm     .   (no gloves)
MR       .....                  (no barding)
Stlth    +.........             (no amulet)
HPRegen  0.16/turn              n - ring of protection from fire
MPRegen  0.09/turn              (no ring)

@: drained, very slow
A: large, see invisible, deformed body, poison resistance, slowness 2, slow
metabolism 1, spit poison 1, AC +1
a: Spit Poison


You were on level 2 of the Dungeon.
You were not hungry.

You visited 1 branch of the dungeon, and saw 3 of its levels.

You collected 174 gold pieces.

Inventory:

Hand Weapons
 a - a +0 war axe (weapon)
Armour
 b - a +0 scale mail
 c - a +0 shield (worn)
 h - a +0 chain mail
 l - a cursed +0 ring mail (worn)
 m - a +0 helmet (worn)
Jewellery
 n - a ring of protection from fire (left hand)
Scrolls
 e - 2 scrolls of amnesia {unknown}
 i - 6 scrolls of remove curse {unknown}
 j - 2 scrolls of identify {unknown}
 p - a scroll of magic mapping {unknown}
 r - 2 scrolls of enchant weapon {unknown}
 s - a scroll of immolation {unknown}
Potions
 d - a potion of might
 g - 2 potions of brilliance {unknown}
 k - a potion of cancellation {unknown}
 o - 3 potions of mutation {unknown}
Comestibles
 f - 6 rations
 q - a chunk of flesh


   Skills:
 + Level 3.9(3.1) Fighting
 + Level 3.1(2.4) Axes
 + Level 3.2(2.4) Armour
 + Level 3.2(2.4) Shields


You had 4 spell levels left.
You didn't know any spells.
Your spell library was empty.

Dungeon Overview and Level Annotations

Branches:
Dungeon (3/15)

Altars:
Fedhas
Uskayaw
Vehumet

Annotations:
D:2 2 exclusions


Innate Abilities, Weirdness & Mutations

You cannot wear boots.
Your serpentine skin is tough. (AC +1)
You have supernaturally acute eyesight. (SInv)
Armour fits poorly on your strangely shaped body.
Your system is resistant to poisons. (rPois)
You cover ground very slowly.
You have a slow metabolism.
You can spit poison.


Message History

You feel drained.
* * * LOW HITPOINT WARNING * * *
You closely miss the wight. You hit the wight.
The wight hits you with a cursed +0 scimitar.
* * * LOW HITPOINT WARNING * * *
You block the wight's attack.
You barely miss the wight. You hit the wight but do no damage.
The wight hits you with a cursed +0 scimitar.
* * * LOW HITPOINT WARNING * * *
The wight hits you but does no damage. The wight barely misses you.
You closely miss the wight. You hit the wight but do no damage.
The wight barely misses you. You block the wight's attack.
You barely miss the wight. You closely miss the wight.
The wight hits you with a cursed +0 mace.
* * * LOW HITPOINT WARNING * * *
You block the wight's attack.
You hit the wight but do no damage. You hit the wight.
The wight barely misses you.
The wight hits you with a cursed +0 scimitar.
You die...

#.#...# #.##≈≈≈≈≈z_.≈≈≈≈..
#.#...# #.##≈.≈≈≈≈.♣≈≈z..
#.###.#######.##.≈≈≈≈≈≈≈≈≈≈≈
####.###......##.##≈≈≈≈≈≈≈≈≈≈≈
......##..###.##.# ≈
...........##)##z#
......####.##)##z# ......#
#..#.##z# ......# ##.#.)z@#
......# #.####.# ......# #..#
#.######### ......#
##.###......(..# .######
#.(##.........# .#
##.##.........# .#
#..#.........# .#
##.#.........# .#
#...........#


You could see 4 wights.

Vanquished Creatures
  A hound (D:3)
  Terence (D:2)
  An adder (D:2)
  4 gnolls (D:2)
  An ooze (D:3)
  2 worms
  A dart slug (D:2)
  A leopard gecko (D:2)
  An orc (D:3)
  3 giant cockroaches
  6 goblins
  5 hobgoblins
  4 kobolds
  12 bats
  2 frilled lizards
  4 rats
49 creatures vanquished.

Notes
Turn   | Place    | Note
-------+----------+-------------------------------------------
     0 | D:1      | Blackhawk the Naga Fighter began the quest for the Orb.
     0 | D:1      | Reached XP level 1. HP: 21/21 MP: 1/1
   412 | D:1      | Reached XP level 2. HP: 28/28 MP: 2/2
  1269 | D:2      | Reached XP level 3. HP: 34/34 MP: 3/3
  1294 | D:2      | Noticed Terence
  1311 | D:2      | Killed Terence
  1556 | D:2      | Reached XP level 4. HP: 37/42 MP: 4/4
  1605 | D:2      | Found a faded altar of an unknown god.
  1844 | D:2      | Found a radiant altar of Vehumet.
  1936 | D:2      | Found a hide-covered altar of Uskayaw.
  2039 | D:2      | Reached XP level 5. HP: 50/50 MP: 5/5
  2350 | D:3      | Found a blossoming altar of Fedhas.
  2513 | D:3      | Noticed a phantom
  2590 | D:2      | Slain by a wight

Levels and vault maps discovered:
D:1:      dpeg_arrival_renting, layout_loops_corners
D:2:      layout_basic, marbit_many_paths, old_standard_altar,
          chequers_ecumenical_altar_island, first_ration, uniq_terence
D:3:      layout_loops_ring, nicolae_overflow_hidden_temple, old_standard_altar

Skill      XL: |  1  2  3  4 |
---------------+-------------+-----
Shields        | 3 |  3.2
Armour         | 3 |  3.2
Axes           | 3 |  3.1
Fighting       | |  3.9

Action                   |  1- 3 |  4- 6 || total
-------------------------+-------+-------++-------
Melee: War axe           |    90 |    63 ||   153
 Abil: Spit Poison       |     1 |       ||     1
  Eat: Chunk             |     1 |     3 ||     4
Armor: Scale mail        |     6 |       ||     6
       Chain mail        |    28 |       ||    28
       Ring mail         |    16 |    40 ||    56
Dodge: Dodged            |    16 |    22 ||    38
Block: Shield            |    40 |    47 ||    87

Table legend:
 A = Non-vault XP
 B = Vault XP
 C = Vault XP percentage of total XP
 D = Non-vault monster count
 E = Vault monster count
 F = Vault count percentage of total count
                 A         B        C        D         E       F
            +---------+---------+-------+---------+---------+-------
      Total |     182 |      50 |  21.6 |      47 |       2 |   4.1
            +---------+---------+-------+---------+---------+-------
        D:1 |      30 |       0 |   0.0 |      19 |       0 |   0.0
        D:2 |      89 |      50 |  36.0 |      19 |       2 |   9.5
        D:3 |      63 |       0 |   0.0 |       9 |       0 |   0.0
            +---------+---------+-------+---------+---------+-------
